Map: Ice and Chrome LE

Players

liquidthermy (uThermal)

  • Race: Terran Terran
  • Spawn Location: 7:00

Kelazhur - Winner!

  • Race: Terran Terran
  • Spawn Location: 1:00

Event: StayAtHomestory Cup #2

VOD

Have the link to the VOD?

Description

Time

  • Played on: June 11, 2020, 1:46 p.m.
  • Length: 12:45

All games in this series

Show
View Real Time Build Order
Export as new Build Order

liquidthermy Terran 

Build Orders:  

Get SALT Encoding   

  12  0:01  SCV  
  13  0:14  SCV  
  14  0:17  Supply Depot  
  14  0:26  SCV  
  15  0:30  Refinery  
  15  0:38  SCV  
  16  0:44  Barracks  
  16  0:50  SCV  
  16  0:54  Refinery  
  17  1:03  SCV  
  18  1:15  SCV  
  19  1:31  Reaper, Orbital Command  
  20  1:33  Factory  
  20  1:41  Supply Depot  
  20  1:56  SCV  
  21  2:03  Reaper  
  22  2:09  SCV  
  23  2:17  Hellion  
  23  2:21  SCV  
  26  2:26  Command Center  
  26  2:33  SCV  
  26  2:35  Starport  
  27  2:38  Barracks Reactor  
  27  2:41  Widow Mine  
  29  2:45  SCV  
  29  2:50  Supply Depot  
  30  2:57  SCV  
  31  3:03  Factory Tech Lab  
  31  3:12  SCV  
  32  3:14  Marine x2  
  32  3:17  Viking  
  36  3:21  Refinery  
  36  3:24  Cyclone  
  39  3:37  SCV, Marine x2  
  39  3:39  Orbital Command  
  42  3:49  SCV  
  42  3:54  Starport Tech Lab  
  42  3:55  Marine x2  
  45  3:56  Siege Tank  
  45  4:02  SCV  
  49  4:04  SCV  
  50  4:11  Supply Depot  
  50  4:13  Marine  
  50  4:14  SCV  
  50  4:15  Raven  
  54  4:22  SCV  
  50  4:32  Marine  
  50  4:33  Marine  
  50  4:34  SCV  
  51  4:44  SCV  
  52  4:48  Siege Tank  
  52  4:49  SCV  
  56  4:56  SCV  
  56  4:58  Supply Depot  
  57  5:02  SCV  
  58  5:07  Command Center  
  58  5:09  Raven  
  58  5:11  SCV  
  58  5:14  SCV  
  62  5:22  Refinery  
  62  5:23  SCV  
  62  5:26  SCV  
  62  5:27  Siege Tank  
  67  5:33  Supply Depot  
  66  5:35  SCV  
  66  5:36  Marine x2  
  66  5:38  SCV  
  70  5:51  Supply Depot  
  70  5:55  SCV x2  
  72  6:01  Barracks, Siege Tank  
  72  6:02  Starport Reactor  
  72  6:03  Barracks  
  74  6:07  SCV, Marine  
  74  6:08  Stimpack  
  74  6:09  SCV  
  75  6:19  SCV, Engineering Bay  
  75  6:20  Engineering Bay  
  75  6:21  SCV  
  75  6:24  Marine  
  78  6:31  SCV  
  79  6:33  SCV, Siege Tank  
  83  6:42  Marine  
  83  6:43  SCV  
  83  6:46  Terran Infantry Weapons Level 1, Terran Infantry Armor Level 1  
  85  6:47  Orbital Command  
  85  6:48  SCV  
  85  6:49  Starport Reactor  
  85  6:53  Marine x2  
  88  6:55  SCV  
  88  6:59  Marine x2  
  88  7:00  SCV  
  92  7:01  Supply Depot  
  92  7:05  Siege Tank  
  92  7:07  SCV  
  89  7:09  Marine  
  89  7:12  SCV  
  89  7:13  SCV  
  89  7:14  Marine  
  90  7:16  Marine  
  90  7:19  SCV  
  90  7:21  Marine x2  
  94  7:24  SCV  
  94  7:25  SCV  
  94  7:27  Marine, Sensor Tower  
  97  7:32  SCV  
  97  7:34  Medivac x2  
  97  7:36  SCV  
  103  7:37  Supply Depot  
  103  7:39  Siege Tank  
  103  7:41  SCV  
  103  7:44  SCV, Marine  
  108  7:47  Supply Depot  
  109  7:57  Supply Depot  
  109  7:58  Marine x2  
  109  7:59  SCV x3  
  109  8:01  Armory  
  109  8:02  Combat Shield  
  109  8:04  Marine x2  
  109  8:05  Marine  
  117  8:06  Supply Depot  
  117  8:11  SCV x2, Siege Tank  
  117  8:12  SCV, Supply Depot  
  123  8:16  Medivac, Marine  
  125  8:21  Refinery  
  125  8:23  SCV  
  125  8:25  SCV  
  127  8:27  SCV, Marine  
  127  8:29  Marine  
  127  8:30  Marine  
  127  8:31  Supply Depot  
  131  8:35  SCV  
  131  8:37  Marine  
  131  8:38  SCV, Medivac  
  137  8:43  Siege Tank  
  137  8:45  Marine  
  137  8:46  Barracks  
  137  8:47  Marine  
  137  8:48  Marine  
  142  8:49  Terran Infantry Weapons Level 2  
  142  8:52  Terran Infantry Armor Level 2  
  141  8:59  Marine, Barracks  
  141  9:01  Missile Turret  
  141  9:03  Marine  
  141  9:04  Medivac, Refinery  
  141  9:08  Missile Turret  
  141  9:09  Terran Vehicle Weapons Level 1, Marine  
  145  9:10  Marine  
  145  9:14  Marine  
  145  9:16  Medivac  
  145  9:17  Marine  
  149  9:20  Marine  
  149  9:24  Supply Depot  
  151  9:27  Marine  
  151  9:28  Marine  
  153  9:32  Supply Depot, Marine  
  153  9:33  Medivac  
  153  9:34  Marine  
  153  9:38  Barracks Reactor, Marine  
  156  9:39  Supply Depot  
  156  9:45  Marine, Siege Tank  
  161  9:46  Marine  
  161  9:47  Marine  
  161  9:49  Medivac  
  161  9:50  Marine  
  161  9:52  Marine  
  164  9:56  Marine  
  165  10:02  Command Center  
  165  10:03  Medivac, Marine  
  165  10:04  Marine  
  165  10:05  Marine  
  170  10:09  Marine  
  170  10:11  Supply Depot  
  170  10:12  Marine  
  172  10:14  Marine  
  172  10:17  Marine  
  172  10:18  Marine  
  172  10:19  Supply Depot, Medivac  
  177  10:26  Marine  
  165  10:30  Marine x3  
  165  10:33  Medivac  
  165  10:34  Marine  
  164  10:38  Marine x2  
  164  10:40  Marine  
  164  10:42  Siege Tank  
  143  10:44  Marine  
  143  10:48  Marine x3  
  143  10:49  Medivac  
  149  10:52  Marine  
  149  10:55  Marine  
  149  10:56  Marine  
  150  10:58  Marine  
  150  11:02  Marine  
  152  11:05  Marine  
  152  11:06  Marine  
  154  11:12  Marine x2  
  154  11:16  SCV  
  156  11:21  Marine, Siege Tank  
  160  11:25  SCV, Marine  
  160  11:27  SCV  
  160  11:28  SCV  
  160  11:31  Marine  
  165  11:37  Missile Turret  
  165  11:39  Marine x2  
  167  11:40  Marine  
  167  11:41  Marine x3  
  167  11:44  SCV, Barracks  
  167  11:46  Marine  
  173  11:47  Barracks  
  173  11:48  Barracks  
  173  11:49  Planetary Fortress  
  173  11:50  Marine  
  174  11:56  Marine, Liberator  
  174  11:57  Marine  
  174  12:00  Liberator  
  182  12:05  Marine x2  
  182  12:08  Marine  
  172  12:15  Marine x2  
  172  12:16  Marine  
  172  12:17  Marine x2  
  171  12:23  Marine  
  171  12:24  Marine  
  171  12:26  Marine  
Show
View Real Time Build Order
Export as new Build Order

Kelazhur Terran - Winner!

Build Orders: Gas First Reaper Expand, Hellion Opening 

Get SALT Encoding   

  12  0:00  SCV  
  13  0:12  SCV  
  14  0:18  Supply Depot  
  14  0:25  SCV  
  15  0:29  Refinery  
  15  0:39  SCV  
  16  0:44  Barracks  
  16  0:51  SCV  
  17  1:03  SCV  
  18  1:16  SCV  
  19  1:32  Reaper, Orbital Command  
  20  1:45  Command Center  
  20  1:55  Factory  
  20  1:58  SCV  
  21  2:05  Supply Depot  
  21  2:06  Barracks Reactor  
  21  2:10  SCV  
  22  2:17  Refinery  
  22  2:22  SCV  
  23  2:34  SCV  
  24  2:42  Starport  
  24  2:46  Hellion x2  
  24  2:48  SCV  
  24  2:50  Barracks Tech Lab  
  29  2:58  Orbital Command  
  29  3:03  SCV  
  30  3:11  Hellion x2  
  34  3:14  Marauder  
  36  3:20  Medivac  
  36  3:22  Concussive Shells  
  38  3:32  Hellion x2  
  42  3:35  Marauder  
  42  3:39  Supply Depot  
  44  3:51  SCV x2  
  44  3:54  Starport Tech Lab  
  46  4:01  Hellion x2  
  50  4:02  Supply Depot  
  50  4:05  SCV x2  
  52  4:14  Raven  
  54  4:17  Supply Depot, Refinery  
  54  4:19  SCV  
  54  4:24  SCV  
  54  4:31  SCV  
  52  4:36  SCV  
  49  4:43  SCV  
  46  4:45  Marine x2  
  46  4:46  Siege Tank  
  46  4:48  SCV  
  50  4:53  Supply Depot  
  50  4:55  SCV  
  51  5:00  SCV, Raven  
  51  5:01  Command Center  
  51  5:03  Marine  
  51  5:04  Marine  
  56  5:07  SCV  
  56  5:12  SCV  
  58  5:19  SCV, Siege Tank  
  58  5:20  Supply Depot  
  62  5:21  Marine  
  62  5:22  Marine  
  62  5:25  SCV  
  65  5:31  SCV  
  66  5:37  SCV  
  66  5:41  Supply Depot  
  67  5:43  SCV, Refinery  
  67  5:48  Barracks  
  67  5:49  SCV  
  69  5:50  Medivac, Barracks  
  69  5:54  Engineering Bay, Siege Tank  
  69  5:55  SCV  
  75  6:01  SCV  
  76  6:06  Supply Depot, Marine  
  76  6:07  Stimpack  
  76  6:08  SCV  
  78  6:13  SCV, Orbital Command  
  79  6:20  SCV  
  79  6:21  Starport Reactor  
  79  6:25  SCV, Terran Infantry Weapons Level 1  
  81  6:27  Marine  
  81  6:28  Engineering Bay, Siege Tank  
  81  6:32  SCV  
  86  6:37  SCV  
  86  6:38  Orbital Command  
  87  6:42  Marine  
  87  6:43  Barracks Reactor, Marine  
  87  6:44  SCV  
  91  6:47  Barracks  
  91  6:48  Barracks  
  91  6:50  Marine  
  91  6:51  Supply Depot  
  91  6:56  SCV  
  91  7:00  Marine x2  
  93  7:08  Marine  
  93  7:10  Siege Tank  
  93  7:13  SCV  
  93  7:14  Medivac  
  93  7:15  Medivac  
  94  7:16  SCV x2  
  94  7:18  Marine x2  
  94  7:20  Terran Infantry Armor Level 1  
  94  7:21  Armory, Marine x2  
  100  7:25  SCV, Refinery  
  100  7:26  Marine  
  100  7:27  Refinery  
  100  7:28  SCV  
  103  7:31  SCV  
  103  7:36  Barracks Reactor x2, Marine x2  
  106  7:37  SCV  
  106  7:38  Supply Depot  
  106  7:40  SCV, Supply Depot  
  106  7:41  Marine x2  
  106  7:43  Missile Turret  
  110  7:44  SCV  
  110  7:45  Missile Turret  
  110  7:49  SCV  
  110  7:51  Medivac x2, Marine  
  114  7:52  SCV  
  114  7:54  Marine x2  
  114  7:56  SCV  
  114  7:57  Supply Depot  
  121  7:59  Combat Shield, Marine  
  121  8:00  Marine  
  121  8:01  SCV  
  121  8:04  SCV  
  125  8:08  SCV  
  125  8:09  Marine  
  125  8:11  Marine  
  127  8:13  SCV, Marine x5  
  127  8:17  SCV, Marine  
  135  8:20  SCV  
  135  8:21  Medivac x2  
  135  8:22  Terran Infantry Weapons Level 2  
  135  8:25  Marine  
  140  8:27  SCV, Marine  
  140  8:29  SCV, Marine  
  140  8:30  Marine  
  140  8:31  Marine  
  140  8:32  Siege Tank  
  147  8:34  Marine  
  147  8:35  Marine  
  147  8:36  Marine  
  147  8:37  Supply Depot  
  147  8:39  Supply Depot  
  143  8:45  Marine x3  
  143  8:47  Marine  
  147  8:48  Marine  
  147  8:54  Marine  
  147  8:55  Supply Depot  
  149  8:58  Viking x2, Marine x3  
  156  9:03  Marine x3  
  156  9:05  Marine  
  156  9:06  Marine  
  156  9:07  Siege Tank  
  164  9:12  Marine  
  165  9:17  Terran Infantry Armor Level 2  
  165  9:20  Marine  
  165  9:22  Marine  
  167  9:28  Command Center  
  167  9:29  Supply Depot  
  167  9:30  Supply Depot  
  167  9:33  Medivac x2  
  167  9:34  Marine  
  172  9:40  Marine  
  172  9:41  Marine x3  
  173  9:46  Marine x2  
  173  9:50  Marine x2, Siege Tank  
  173  9:52  Marine  
  179  9:55  Supply Depot  
  179  9:58  Marine x3  
  179  9:59  Marine  
  183  10:04  SCV x2, Marine  
  183  10:05  SCV  
  183  10:06  Sensor Tower  
  187  10:07  Supply Depot  
  182  10:23  SCV  
  182  10:24  Marine  
  182  10:28  Marine  
  172  10:30  Marine x6  
  159  10:37  Marine  
  159  10:38  Medivac x2  
  159  10:40  Siege Tank  
  159  10:42  Marine  
  159  10:46  Marine  
  159  10:48  Marine x5, Barracks, Factory  
  165  10:50  Barracks  
  165  10:52  SCV, Barracks  
  166  11:01  Planetary Fortress  
  166  11:04  Marine  
  167  11:12  Siege Tank  
  167  11:13  SCV x2, Marine, Sensor Tower  
  167  11:16  Marine  
  167  11:17  Marine x5  
  179  11:31  Marine  
  180  11:34  Viking  
  180  11:35  Viking  
  180  11:36  Supply Depot  
  182  11:41  Marine  
  182  11:42  Sensor Tower  
  182  11:44  Missile Turret, Marine  
  182  11:45  Marine  
  182  11:46  Marine  
  186  11:51  Marine x4  
  186  11:52  Marine  
  191  11:54  Barracks Reactor x2  
  191  11:55  Factory Tech Lab  
  191  11:56  Siege Tank  
  191  11:59  Marine  
  195  12:06  Marine  
  195  12:07  Marine x3  
  199  12:09  Marine  
  183  12:19  Marine x5  
  188  12:24  Marine x3  
Tags
 
Add a new tag
Caveats
  • Supply blocks, unpowered buildings, or Contaminate may cause inaccurate times.
  • Supply counts are checked every 10 seconds.